 Dungeon Crawl Stone Soup version 0.19.5 (webtiles) character file.

7524 BugsBunnySan the Covert (level 10, -3/67 HPs)
             Began as a Felid Berserker on Mar 13, 2017.
             Was a High Priest of Trog.
             Splashed by an oklob plant's acid (17 damage)
             ... on level 11 of the Dungeon.
             The game lasted 00:37:00 (11466 turns).

BugsBunnySan the Covert (Felid Berserker)          Turns: 11466, Time: 00:37:01

Health: -3/67      AC: -2    Str: 20    XL:     10   Next: 95%
Magic:  11/11      EV: 25    Int:  9    God:    Trog [*****.]
Gold:   547        SH:  4    Dex: 19    Spells: 0 memorised, 9 levels left
                                        Lives:  0   Deaths: 2

rFire  . . .     SeeInvis +       - Unarmed
rCold  + . .     Gourm    .     (armour unavailable)
rNeg   . . .     Faith    .     (shield unavailable)
rPois  .         Spirit   .     (helmet unavailable)
rElec  .         Reflect  .     (cloak unavailable)
rCorr  .         Harm     .     (gloves unavailable)
MR     +++..     Rnd*Tele +     (boots unavailable)
Stlth  ..........               (no amulet)
                                y - +4 ring of protection
                                C - ring of stealth

@: berserking (expiring), corroded, regenerating, very quick
A: no armour, no weapons or thrown items, stealth, claws 1, fangs 3, horns 1,
large bone plates 1, see invisible, carnivore 3, cold resistance 1, speed 1,
frail 1, shaggy fur 2, slow metabolism 1, strong 1, teleportitis 1, sharp paws
a: Berserk, Trog's Hand, Brothers in Arms, Burn Spellbooks, Renounce Religion


You were on level 11 of the Dungeon.
You worshipped Trog.
Trog was extremely pleased with you.
You were very full.

You visited 2 branches of the dungeon, and saw 13 of its levels.

You collected 631 gold pieces.
You spent 84 gold pieces at shops.

Inventory:

Jewellery
 y - a +4 ring of protection (right paw)
 C - a ring of stealth (left paw)
 I - a cursed amulet of inaccuracy
Wands
 d - a wand of disintegration (5/24)
 q - a wand of heal wounds (9/9)
 s - a wand of lightning (8/15)
 x - a wand of disintegration (11/24)
 E - a wand of polymorph (12/24)
 F - a wand of polymorph (14/24)
 L - a wand of paralysis (6/24)
Scrolls
 c - 6 scrolls of magic mapping
 f - 3 scrolls of fog
 m - a scroll of recharging
 p - 2 scrolls of noise
 v - 3 scrolls of blinking
 w - 3 scrolls of remove curse
 z - 3 scrolls of enchant weapon
 A - 6 scrolls of teleportation
 K - 4 scrolls of identify
Potions
 e - 6 potions of curing
 g - 4 potions of lignification
 h - 2 potions of cancellation
 j - a potion of resistance
 l - 2 potions of invisibility
 o - 2 potions of flight
 t - a potion of ambrosia
 u - a potion of agility
Books
 b - a book of Changes

   Spells                             Type                      Level
   a - Beastly Appendage              Transmutation                1
   b - Sticks to Snakes               Transmutation                2
   c - Spider Form                    Transmutation/Poison         3
   d - Ice Form                       Ice/Transmutation            4
   e - Blade Hands                    Transmutation                5
   Trog disapproves of the use of such an item.
Comestibles
 a - 5 meat rations
 i - 2 beef jerkies
 n - a royal jelly


   Skills:
 * Level 10.0 Fighting
 + Level 8.9 Dodging
 + Level 14.2 Stealth
 + Level 12.8 Unarmed Combat


You had 9 spell levels left.
You didn't know any spells.

Dungeon Overview and Level Annotations

Branches:
Dungeon (12/15)            Temple (1/1) D:5            Lair (0/6) D:11
    Orc (0/2) D:11

Altars:
Ashenzari
Cheibriados
Dithmenos
Elyvilon
Fedhas
Gozag
Hepliaklqana
Kikubaaqudgha
Makhleb
Nemelex Xobeh
Okawaru
Qazlal
Ru
Trog
Uskayaw
Vehumet
Xom
Yredelemnul
Zin
The Shining One

Shops:
D:4 ?

Portals:
Trove: D:10 (give 11 potions of heal wounds)

Annotations:
D:11 exclusion: oklob plant


Innate Abilities, Weirdness & Mutations

You cannot wear armour.
You are incapable of wielding weapons or throwing items.
Your paws allow you to move quietly. (Stealth)
You have sharp claws.
You have razor-sharp teeth.
You have supernaturally acute eyesight. (SInv)
You are carnivorous and can eat meat at any time.
You cover ground quickly.
You are covered in thick fur. (AC +2)
You have a slow metabolism.
Your sharp claws are effective at attacking unaware monsters.
You have a pair of small horns on your head.
You are partially covered in large bone plates. (SH +4)
Your flesh is cold resistant. (rC+)
You are frail. (-10% HP)
Your muscles are strong. (Str +2)
You are occasionally teleported next to monsters.


Message History

You feel yourself moving faster!
You feel mighty!
You feel a lot less full. The oklob plant spits acid at you.
The splash of acid hits you! The acid corrodes you!
You are splashed with acid!
The acid burns!
You feel a strong urge to attack something.
The oklob plant spits acid at you. The splash of acid hits you!
You are splashed with acid!
The acid burns!
You mangle the oklob plant!! You headbutt the oklob plant.
You claw the oklob plant, but do no damage.
The oklob plant is heavily damaged.
You claw the oklob plant!
The oklob plant is severely damaged.
You scratch the oklob plant.
You headbutt the oklob plant, but do no damage.
The oklob plant is severely damaged.
The oklob plant spits acid at you. The splash of acid hits you!
* * * LOW HITPOINT WARNING * * *
The acid corrodes you!
You are splashed with acid!
The acid burns!
You die...

. #............... ...
#####..........#.#..
....##..............#..
....#...#######........#
.......#....$..#..##...#
.........#...#....##.$.##
........##.P.##†..##....#
...#..#...PPPP..#.#......
......#.@PP>P...#...#...#
####..#..PPPP...#.....#..
(....##.PP##....#.....
.#.....#...#...........
.....#.......#....#.#).
#.#....#######...#......
# #... ######...## ##..
#...# #...##


You could see an oklob plant.

Vanquished Creatures
  Snorg (D:11)
  2 yaktaur captains (D:10)
  Erica (D:8)
  2 unseen horrors
  3 hill giants (D:10)
  A deep elf mage (D:10)
  An oklob plant (D:11)
  An ugly thing (D:11)
  A shining eye (shapeshifter) (D:10)
  A centaur zombie (D:10)
  A gargoyle (D:10)
  A spiny frog (shapeshifter) (D:10)
  3 trolls (D:10)
  3 two-headed ogres (D:10)
  A slime creature (D:10)
  4 hippogriffs
  A vampire (D:10)
  2 wyverns
  3 hungry ghosts
  Menkaure (D:7)
  An orc warrior (D:9)
  4 sky beasts
  A phantom (D:8)
  4 ice beasts
  3 necrophages
  6 ogres
  A black bear (D:6)
  9 centaurs
  A crocodile (D:9)
  4 big kobolds
  5 bullfrogs
  3 scorpions
  A wyvern skeleton (D:7)
  6 killer bees
  7 wights
  2 howler monkeys
  A quasit (D:8)
  5 crimson imps
  5 orc priests
  2 centaur skeletons
  2 hounds
  4 bullfrog skeletons
  2 iguanas
  12 worker ants
  8 orc wizards
  A killer bee zombie (D:8)
  A hound skeleton (D:6)
  3 mummies (D:9)
  A howler monkey skeleton (D:5)
  11 gnolls
  11 adders
  3 oozes
  2 adder skeletons
  3 adder zombies
  2 worms
  2 dart slugs (D:2)
  6 leopard geckos
  22 orcs
  9 giant cockroaches
  9 goblins
  12 hobgoblins
  2 jackals (D:5)
  27 kobolds
  4 quokkas
  A ball python (D:4)
  6 bats
  7 frilled lizards
  A jackal skeleton (D:5)
  A quokka skeleton (D:9)
  A quokka zombie (D:9)
  7 rats
288 creatures vanquished.

Notes
Turn   | Place    | Note
-------+----------+-------------------------------------------
     0 | D:1      | BugsBunnySan the Felid Berserker began the quest for the Orb.
     0 | D:1      | Reached XP level 1. HP: 10/10 MP: 2/2
   225 | D:1      | Reached XP level 2. HP: 12/14 MP: 3/3
   258 | D:2      | Found a shattered altar of Ashenzari.
   804 | D:1      | Reached XP level 3. HP: 15/17 MP: 4/4
  1018 | D:2      | Found a bloodstained altar of Trog.
  1452 | D:2      | Reached skill level 1 in Stealth
  1750 | D:2      | Reached XP level 4. HP: 21/21 MP: 5/5
  1751 | D:2      | Reached ** piety under Trog
  2812 | D:3      | Reached skill level 2 in Stealth
  2812 | D:3      | Reached XP level 5. HP: 16/25 MP: 6/6
  2885 | D:4      | Found Gogymin's Magic Scroll Emporium.
  2908 | D:4      | Bought a scroll of noise for 13 gold pieces
  2908 | D:4      | Bought a scroll of identify for 26 gold pieces
  2908 | D:4      | Bought a scroll of magic mapping for 45 gold pieces
  2925 | D:4      | Found a basalt altar of Yredelemnul.
  2986 | D:5      | Entered Level 5 of the Dungeon
  3540 | D:4      | Found a hazy altar of Hepliaklqana.
  3540 | D:4      | Found a faded altar of an unknown god.
  3546 | D:4      | Found a shadowy altar of Dithmenos.
  3550 | D:4      | Found a white marble altar of Elyvilon.
  3552 | D:4      | Found a snail-covered altar of Cheibriados.
  3557 | D:4      | Reached skill level 3 in Stealth
  3559 | D:4      | Reached skill level 5 in Unarmed Combat
  3775 | D:5      | Gained mutation: You are covered in thick fur. (AC +2) [Felid growth]
  3775 | D:5      | Reached XP level 6. HP: 28/28 MP: 7/7
  3776 | D:5      | Reached skill level 5 in Dodging
  4072 | D:5      | Reached skill level 4 in Stealth
  4458 | D:6      | Found an iron altar of Okawaru.
  4510 | D:5      | Found a staircase to the Ecumenical Temple.
  4580 | D:6      | Reached XP level 7. HP: 33/33 MP: 8/8
  4587 | D:6      | Reached skill level 5 in Fighting
  4614 | D:6      | Reached *** piety under Trog
  4614 | D:6      | Reached skill level 5 in Stealth
  4911 | Temple   | Entered the Ecumenical Temple
  5306 | D:6      | Reached XP level 8. HP: 37/37 MP: 9/9
  5481 | D:7      | Reached skill level 6 in Stealth
  5690 | D:6      | Found a glowing silver altar of Zin.
  6025 | D:8      | Noticed Erica
  6029 | D:8      | Killed Erica
  6029 | D:8      | Reached skill level 8 in Stealth
  6029 | D:8      | Reached XP level 9. HP: 42/42 MP: 10/10
  6057 | D:7      | Found a white marble altar of Elyvilon.
  6255 | D:7      | Noticed Menkaure
  6265 | D:7      | Killed Menkaure
  6521 | D:7      | Reached skill level 9 in Stealth
  6526 | D:7      | Gained mutation: Your magical capacity is low. (-10% MP) [mutagenic meat]
  6527 | D:7      | Gained mutation: Your spells are a little easier to cast, but a little less powerful. [mutagenic meat]
  6528 | D:7      | Gained mutation: You evolve. [mutagenic meat]
  6705 | D:7      | Gained mutation: You possess an exceptional clarity of mind. [evolution]
  6705 | D:7      | Lost mutation: You evolve. [end of evolution]
  7328 | D:8      | Gained mutation: Your flesh is cold resistant. (rC+) [mutagenic meat]
  7329 | D:8      | Gained mutation: You expend magic power (3 MP) to strengthen your wands. [mutagenic meat]
  7330 | D:8      | Lost mutation: You expend magic power (3 MP) to strengthen your wands. [mutagenic meat]
  7331 | D:8      | Gained mutation: Your flesh is very cold resistant. (rC++) [mutagenic meat]
  7332 | D:8      | Gained mutation: You occasionally shout uncontrollably at your foes. [mutagenic meat]
  7333 | D:8      | Lost mutation: Your magical capacity is low. (-10% MP) [mutagenic meat]
  7721 | D:8      | Reached skill level 10 in Unarmed Combat
  7767 | D:8      | Reached XP level 10. HP: 23/48 MP: 11/11
  7771 | D:8      | Reached skill level 10 in Stealth
  7779 | D:8      | Reached **** piety under Trog
  8316 | D:10     | Entered Level 10 of the Dungeon
  8538 | D:9      | Lost mutation: You occasionally shout uncontrollably at your foes. [mutagenic meat]
  8539 | D:9      | Gained mutation: Your magical capacity is low. (-10% MP) [mutagenic meat]
  8541 | D:9      | Gained mutation: Your body sometimes deteriorates upon taking damage. [mutagenic meat]
  8542 | D:9      | Lost mutation: You possess an exceptional clarity of mind. [mutagenic meat]
  9125 | D:9      | Lost mutation: Your body sometimes deteriorates upon taking damage. [potion of cure mutation]
  9125 | D:9      | Lost mutation: Your flesh is very cold resistant. (rC++) [potion of cure mutation]
  9125 | D:9      | Lost mutation: Your spells are a little easier to cast, but a little less powerful. [potion of cure mutation]
  9125 | D:9      | Lost mutation: Your magical capacity is low. (-10% MP) [potion of cure mutation]
  9274 | D:10     | Reached skill level 11 in Stealth
  9495 | D:10     | Noticed a gargoyle
  9502 | D:10     | Killed a gargoyle
  9504 | D:10     | Noticed a shining eye
  9504 | D:10     | Noticed a yaktaur captain
  9504 | D:10     | Noticed a glowing orange brain
  9776 | D:11     | Found a staircase to the Orcish Mines.
  9866 | D:11     | Noticed Snorg
  9866 | D:11     | Noticed an unseen horror
  9870 | D:11     | Killed Snorg
  9870 | D:11     | Reached skill level 12 in Stealth
  9870 | D:11     | Reached XP level 11. HP: 52/52 MP: 12/12
  9874 | D:11     | Killed an unseen horror
  9990 | D:10     | Noticed a hill giant
  9995 | D:10     | Killed a hill giant
  9999 | D:10     | Noticed a deep elf mage
 10000 | D:10     | Killed a deep elf mage
 10000 | D:10     | Reached ***** piety under Trog
 10049 | D:10     | Noticed a hill giant
 10055 | D:10     | Killed a hill giant
 10183 | D:10     | Reached skill level 13 in Stealth
 10199 | D:10     | Noticed a yaktaur captain
 10199 | D:10     | Noticed a glowing shapeshifter
 10199 | D:10     | a shining eye changed into a glowing shapeshifter
 10200 | D:10     | a glowing shapeshifter changed into a redback
 10208 | D:10     | Noticed a wolf spider
 10208 | D:10     | an eye of devastation changed into a wolf spider
 10209 | D:10     | Noticed a deep troll
 10209 | D:10     | a wolf spider changed into a deep troll
 10212 | D:10     | a deep troll changed into a manticore
 10217 | D:10     | Noticed an unseen horror
 10217 | D:10     | a tarantella changed into an unseen horror
 10243 | D:10     | Shot with a bolt by a yaktaur captain
 10244 | D:10     | Reached XP level 10. HP: -9/49 MP: 11/11
 10284 | D:10     | Noticed a torpor snail
 10286 | D:10     | Noticed a spiny frog
 10286 | D:10     | a black bear changed into a spiny frog
 10291 | D:10     | Killed a spiny frog
 10292 | D:10     | Noticed a shining eye
 10292 | D:10     | a slime creature changed into a shining eye
 10297 | D:10     | Killed a shining eye
 10307 | D:10     | Killed a yaktaur captain
 10324 | D:10     | Slain by a yaktaur captain
 10325 | D:10     | Reached XP level 9. HP: -3/46 MP: 10/10
 10339 | D:10     | Killed a yaktaur captain
 10339 | D:10     | Reached XP level 10. HP: 18/50 MP: 11/11
 10373 | D:9      | Gained mutation: You are frail. (-10% HP) [mutagenic meat]
 10374 | D:9      | Gained mutation: Your muscles are strong. (Str +2) [mutagenic meat]
 10375 | D:9      | Gained mutation: You are partially covered in large bone plates. (SH +4) [mutagenic meat]
 10377 | D:9      | Gained mutation: You are occasionally teleported next to monsters. [mutagenic meat]
 10378 | D:9      | Gained mutation: You have a pair of small horns on your head. [mutagenic meat]
 10459 | D:10     | Found a portal to a secret trove of treasure.
 10521 | D:10     | Noticed an unseen horror
 10525 | D:10     | Killed an unseen horror
 10568 | D:10     | Noticed a hill giant
 10571 | D:10     | Killed a hill giant
 10580 | D:10     | Reached skill level 14 in Stealth
 11382 | D:11     | Noticed a cyan ugly thing
 11386 | D:11     | Noticed an oklob plant
 11388 | D:11     | Killed a cyan ugly thing
 11389 | D:11     | Found a staircase to the Lair.
 11393 | D:11     | Noticed an oklob plant
 11399 | D:11     | Killed an oklob plant
 11399 | D:11     | Reached skill level 10 in Fighting
 11466 | D:11     | Splashed by an oklob plant's acid

Skill      XL: |  1  2  3  4  5  6  7  8  9 10 11 |
---------------+----------------------------------+-----
Stealth        | 1 2 3 4 5 8 9 14 13 | 14.2
Unarmed Combat | 4 5 6 8 10 12 | 12.8
Fighting       | 4 5 6 7 10 9 | 10.0
Dodging        | 5 6 7 8 |  8.9

Action                   |  1- 3 |  4- 6 |  7- 9 | 10-12 || total
-------------------------+-------+-------+-------+-------++-------
Melee: Unarmed           |    98 |   167 |   225 |   295 ||   785
       Bite              |    13 |    10 |    21 |    31 ||    75
       Punch             |     1 |       |     8 |    20 ||    29
       Headbutt          |       |       |       |    14 ||    14
Invok: Berserk           |     1 |     5 |     9 |    12 ||    27
       Trog's Hand       |       |     4 |     6 |     7 ||    17
  Use: Scroll            |       |     1 |    17 |     7 ||    25
       Potion            |       |       |       |     9 ||     9
 Stab: Sleeping          |     7 |    12 |    19 |    43 ||    81
       Distracted        |       |       |     1 |     2 ||     3
  Eat: Chunk             |     9 |    12 |    37 |    38 ||    96
Armor: Skin              |       |     4 |     9 |    19 ||    32
Dodge: Dodged            |    64 |   129 |   157 |   228 ||   578
Block: Other             |       |       |       |    14 ||    14
